 Dungeon Crawl Stone Soup version 0.31-a0-232-gb1c03b2570 (webtiles) character file.

Game seed: 13499938519857639470

38 qw the Shooter (level 3, -1/29 HPs)
             Began as a Minotaur Hexslinger on July 6, 2023.
             Slain by Robin
             ... wielding a +2 antimagic short sword
              (7 damage)
             ... on level 3 of the Dungeon.
             The game lasted 00:00:24 (1403 turns).

qw the Shooter (Minotaur Hexslinger)                Turns: 1403, Time: 00:00:25

Health: -1/29      AC:  6    Str: 12    XL:     3   Next: 25%
Magic:  1/3        EV: 11    Int: 10    God:
Gold:   38         SH:  0    Dex: 14    Spells: 3/4 levels left

rFire   . . .        Y - +1 sling
rCold   . . .        (no shield)
rNeg    . . .        f - +0 ring mail
rPois   .            (helmet restricted)
rElec   .            (no cloak)
rCorr   .            (no gloves)
SInv    .            d - +0 pair of boots
Will    .....        (no amulet)
Stlth   +            (no ring)
HPRegen 0.24/turn    (no ring)
MPRegen 0.08/turn

%: no passive effects
@: no status effects
A: horns 2, retaliatory headbutt
a: no special abilities


You were on level 3 of the Dungeon.
You visited 1 branch of the dungeon, and saw 3 of its levels.

You collected 38 gold pieces.


Innate Abilities, Weirdness & Mutations

You have a pair of horns on your head.
You reflexively headbutt those who attack you in melee.


   Skills:
 - Level 2.0 Fighting
 + Level 3.8 Ranged Weapons
 - Level 2.1 Dodging
 - Level 1.0 Spellcasting
 - Level 2.0 Hexes


You had 3 spell levels left.
You knew the following spells:

 Your Spells              Type           Power      Damage    Failure   Level
a - Slow                  Hex            16%        N/A       34%         1

Your spell library contained the following spells:

 Spells                   Type           Power      Damage    Failure   Level
 Inner Flame              Hex/Fire       2%         N/A       83%         3
 Portal Projectile        Hex/Tloc       4%         N/A       83%         3
 Cause Fear               Hex            2%         N/A       98%         4

Inventory:

Hand Weapons
 Y - a +1 sling (weapon)
Armour
 d - a +0 pair of boots (worn)
 f - a +0 ring mail (worn)
Scrolls
 a - a scroll of enchant weapon {unknown}
 b - a scroll of identify {unknown}
 c - a scroll of amnesia {unknown}
 l - a scroll of teleportation {unknown}
Potions
 e - a potion of mutation {unknown}
 g - a potion of cancellation {unknown}
 h - a potion of curing {unknown}
 i - a potion of magic {unknown}
 j - a potion of attraction {unknown}
 k - a potion of degeneration {unknown}

Dungeon Overview and Level Annotations

Branches:
Dungeon (2/15)

Altars:

Annotations:
D:3 Robin


Message History

The sling bullet hits Robin but does no damage.
Robin is heavily wounded.
The goblin hits you but does no damage.
Robin hits you with a +2 antimagic short sword.
You feel your power leaking away. The goblin hits you but does no damage.
Robin hits you but does no damage.
You shoot a sling bullet. The sling bullet hits Robin.
Robin is severely wounded.
Robin hits you but does no damage. The goblin misses you.
You shoot a sling bullet.
The sling bullet hits Robin but does no damage.
Robin is severely wounded.
Robin hits you with a +2 antimagic short sword.
The goblin hits you with a +0 dagger.
Robin says, "My goblins will feast on your bones."
Robin closely misses you.
You shoot a sling bullet. The sling bullet hits Robin.
Robin is almost dead.
The goblin shoots a sling bullet.
The sling bullet hits you. The goblin closely misses you.
Robin barely misses you.
The goblin shoots a sling bullet.
The sling bullet hits you but does no damage.
You shoot a sling bullet.
The sling bullet hits Robin but does no damage.
Robin is almost dead.
The goblin no longer looks unusually strong.
The goblin hits you with a +0 dagger.
Robin hits you with a +2 antimagic short sword.
The goblin shoots a sling bullet.
The sling bullet closely misses you.
You shoot a sling bullet. The sling bullet barely misses Robin.
The goblin barely misses you.
Robin says, "A pitiful Minotaur like you will never find the ORB!"
Robin roars a battlecry!
The goblin goes into a battle-frenzy!
The goblin shoots a sling bullet.
The sling bullet hits you but does no damage.
You shoot a sling bullet. The sling bullet closely misses Robin.
The goblin hits you with a +0 dagger.
Robin hits you with a +2 antimagic short sword!
You die...

..# .... #........#
#........#
+........+########'.
#..........g@g)%..%.
#..(.......)#####...
#.................#
#..........g#######
###...........#
..#...........# #
#.#...........#
..#.#.....#######
..#.#.###.#


You could see Robin and 2 goblins.

Vanquished Creatures
  A dart slug (D:1)
  An endoplasm (D:1)
  A giant cockroach (D:1)
  6 goblins
  12 hobgoblins
  A quokka (D:2)
  A ball python (D:2)
  2 bats (D:1)
  2 kobolds (D:1)
  3 rats (D:1)
30 creatures vanquished.

Notes
Turn   | Place    | Note
-------+----------+-------------------------------------------
     0 | D:1      | qw the Minotaur Hexslinger began the quest for the Orb.
     0 | D:1      | Reached XP level 1. HP: 16/16 MP: 1/1
     0 | D:1      | 0 ||| qw: Version: 0.3-a-46-gb1f654a
     0 | D:1      | 0 ||| qw: Game counter: 2073
     0 | D:1      | 0 ||| qw: Melee chars always use a shield: true
     0 | D:1      | 0 ||| qw: God list: Okawaru
     0 | D:1      | 0 ||| qw: Allow faded altars: false
     0 | D:1      | 0 ||| qw: Do Orc after clearing Dungeon:15 true
     0 | D:1      | 0 ||| qw: Do second Lair branch before Depths: true
     0 | D:1      | 0 ||| qw: Lair rune preference: random
     0 | D:1      | 0 ||| qw: Goals: Normal
     0 | D:1      | 0 ||| PLANNING D:1-11
   202 | D:1      | Reached skill level 3 in Ranged Weapons
   226 | D:1      | Reached XP level 2. HP: 23/23 MP: 2/2
   964 | D:1      | 964 ||| UPGRADING to +0 pair of boots.
   969 | D:1      | 969 ||| UPGRADING to +0 ring mail.
   979 | D:1      | 979 ||| DROPPING +0 robe.
   980 | D:1      | 980 ||| READING scroll labelled IKLIUR REEGAYZ.
   981 | D:1      | 981 ||| READING scroll labelled EREOLO QOEP.
   982 | D:1      | 982 ||| DROPPING scroll of poison.
  1326 | D:2      | You fall into a shaft and drop 1 floor!
  1376 | D:3      | Reached XP level 3. HP: 29/29 MP: 3/3
  1386 | D:3      | Identified the +0 helmet of Sunlight {-Tele rElec rN+
                  | Stlth+}
  1386 | D:3      | Noticed Robin
  1403 | D:3      | HP: 6/29 [goblin/+0 dagger[Robin] (2)]
  1403 | D:3      | Slain by Robin

Levels and vault maps discovered:
D:1:      dpeg_arrival_prison, layout_loops_corners
D:2:      layout_rooms, reono_crystal_passage,
          nicolae_concentric_dashed_squares_wild
D:3:      layout_basic, st_stairs_8, minivault_11, uniq_robin, uniq_grinder,
          uniq_natasha

Skill      XL: |  1  2 |
---------------+-------+-----
Ranged Weapons | 3 |  3.8
Fighting       | 2 |  2.0
Dodging        | |  2.1
Spellcasting   | |  1.0
Hexes          | |  2.0

Action                     || total
---------------------------++-------
   Fire: Sling             ||    90
    Use: Scroll            ||     2
 Armour: Robe              ||     4
         Ring mail         ||    18
  Dodge: Dodged            ||    39

Table legend:
 A = Non-vault XP
 B = Vault XP
 C = Vault XP percentage of total XP
 D = Non-vault monster count
 E = Vault monster count
 F = Vault count percentage of total count
                 A         B        C        D         E       F
            +---------+---------+-------+---------+---------+-------
      Total |      37 |      18 |  32.7 |      20 |      10 |  33.3
            +---------+---------+-------+---------+---------+-------
        D:1 |      32 |       2 |   5.9 |      17 |       2 |  10.5
        D:2 |       5 |       0 |   0.0 |       3 |       0 |   0.0
        D:3 |       0 |      16 | 100.0 |       0 |       8 | 100.0
            +---------+---------+-------+---------+---------+-------
